Map: Sanctuary III LE

Players

bearUSC

  • Race: Terran Terran
  • League: Diamond

Kan - Winner!

  • Race: Zerg Zerg
  • League: Diamond

VOD

Have the link to the VOD?

Description

Time

  • Played on: Aug. 13, 2026, 3:22 p.m.
  • Length: 12:26
Show
View Real Time Build Order
Export as new Build Order

bearUSC Terran 

Build Orders:  

Get SALT Encoding   

  8  0:00  SCV  
  9  0:16  SCV  
  10  0:27  Supply Depot  
  10  0:29  SCV  
  11  0:42  SCV  
  12  0:53  Barracks  
  12  0:57  SCV  
  13  1:09  SCV  
  14  1:21  SCV  
  15  1:35  SCV  
  16  1:44  Supply Depot  
  16  1:47  Refinery  
  16  1:48  SCV, Refinery  
  16  1:49  Marine  
  18  2:00  Orbital Command  
  18  2:29  Command Center  
  18  2:34  Factory  
  18  2:40  Barracks Reactor  
  18  2:44  SCV  
  19  2:57  SCV  
  20  3:09  SCV  
  20  3:10  Supply Depot  
  21  3:28  Hellion  
  21  3:29  Hellion  
  21  3:33  Engineering Bay  
  25  3:39  SCV  
  25  3:50  Hellion x2  
  29  3:56  Command Center  
  29  4:00  SCV  
  29  4:01  SCV  
  31  4:13  SCV x2  
  33  4:21  Hellion x2  
  37  4:25  SCV x2  
  39  4:37  SCV x2  
  39  4:43  Hellion x2  
  37  4:49  SCV x2  
  37  4:52  Factory  
  39  5:01  SCV x2  
  39  5:03  Supply Depot  
  41  5:13  Hellion, SCV x3  
  46  5:18  Factory  
  46  5:25  SCV x3  
  49  5:29  Refinery  
  49  5:31  Refinery  
  49  5:37  SCV x2  
  49  5:38  SCV, Factory Tech Lab  
  52  5:49  Factory  
  53  5:54  Planetary Fortress  
  50  6:07  Factory Tech Lab  
  50  6:08  Cyclone  
  50  6:10  SCV  
  54  6:17  Planetary Fortress  
  54  6:22  SCV  
  55  6:34  Supply Depot  
  55  6:35  SCV  
  56  6:40  Factory Tech Lab  
  56  6:41  Factory  
  56  6:43  SCV  
  56  6:44  Cyclone  
  56  6:47  SCV  
  61  6:48  Cyclone  
  61  6:49  Hellion x2  
  68  6:55  SCV  
  68  6:56  Supply Depot  
  68  6:58  Missile Turret  
  68  6:59  SCV  
  68  7:01  Missile Turret  
  70  7:02  Missile Turret  
  70  7:07  Neosteel Armor  
  70  7:08  SCV  
  71  7:10  Hellion  
  71  7:11  SCV  
  74  7:17  SCV  
  74  7:18  Supply Depot  
  74  7:20  SCV  
  76  7:25  Factory Tech Lab, Cyclone  
  76  7:28  Mag-Field Accelerator  
  79  7:31  Infernal Pre-Igniter  
  79  7:36  Refinery  
  79  7:38  Refinery  
  79  7:39  SCV  
  79  7:40  Supply Depot  
  79  7:42  SCV x2  
  82  7:47  Cyclone  
  85  7:51  SCV  
  85  7:56  Cyclone  
  85  7:57  Hellion  
  91  8:05  Supply Depot, SCV x3  
  94  8:11  Cyclone  
  97  8:17  SCV x3  
  98  8:29  SCV x3  
  98  8:33  Cyclone x3, Hellion  
  98  8:34  Hellion  
  104  8:43  Cyclone  
  104  8:48  Command Center  
  107  8:55  Hellion  
  100  9:05  Cyclone x2  
  103  9:15  Hellion  
  102  9:18  Cyclone  
  102  9:21  Cyclone, Hellion  
  90  9:36  Hellion  
  90  9:37  Cyclone, Hellion  
  92  9:42  Hellion  
  89  9:50  Cyclone  
  83  9:54  Cyclone  
  83  9:58  Hellion, Cyclone  
  82  10:04  Hellion  
  78  10:09  Cyclone  
  75  10:19  Hellion  
  66  10:22  Hellion  
  66  10:25  Hellion  
  66  10:26  Widow Mine  
  70  10:31  Widow Mine  
  69  10:40  Widow Mine  
  69  10:42  Widow Mine  
  71  10:47  Widow Mine  
  44  11:35  Command Center  
  44  11:37  Factory Tech Lab  
  44  11:40  Factory Tech Lab  
  44  11:41  Command Center  
  44  11:44  Supply Depot  
  44  11:47  Supply Depot  
  44  11:50  Supply Depot  
  44  11:59  Factory Tech Lab  
  44  12:08  Supply Depot  
  44  12:10  Supply Depot  
  44  12:11  SCV x2  
  44  12:12  Supply Depot  
  49  12:15  Engineering Bay  
Show
View Real Time Build Order
Export as new Build Order

Kan Zerg - Winner!

Build Orders: Hatch First 

Get SALT Encoding   

  8  0:00  Drone  
  9  0:10  Drone  
  10  0:16  Drone  
  11  0:23  Drone  
  12  0:33  Overlord  
  12  0:39  Extractor  
  12  0:40  Drone  
  13  0:53  Drone x2  
  15  1:12  Hatchery  
  15  1:17  Drone  
  15  1:20  Drone  
  15  1:23  Drone  
  17  1:38  Spawning Pool  
  16  1:41  Extractor  
  16  1:43  Drone  
  16  1:49  Drone  
  17  1:57  Drone  
  18  2:05  Drone  
  19  2:10  Overlord  
  19  2:21  Drone  
  20  2:24  Queen  
  20  2:26  Queen  
  24  2:31  Zergling x2  
  24  2:32  Zergling x2  
  26  2:39  Drone x2  
  28  3:01  Metabolic Boost  
  28  3:03  Overlord  
  28  3:04  Drone x3  
  31  3:09  Drone  
  32  3:29  Hatchery  
  31  3:34  Overlord, Drone x5  
  36  3:49  Overlord  
  36  3:50  Drone  
  36  3:51  Drone x2  
  39  3:59  Queen  
  39  4:00  Overlord  
  41  4:07  Drone  
  41  4:09  Lair  
  42  4:14  Drone  
  42  4:15  Zergling x8  
  47  4:25  Drone x2  
  49  4:31  Drone  
  49  4:32  Drone x3  
  51  4:49  Queen  
  53  4:55  Drone x7  
  60  5:02  Spore Crawler  
  60  5:03  Spore Crawler  
  58  5:08  Drone x2  
  58  5:09  Drone, Evolution Chamber  
  58  5:10  Baneling Nest, Zergling x2  
  60  5:17  Roach Warren  
  60  5:25  Drone x8  
  60  5:26  Overlord x3  
  60  5:27  Extractor  
  67  5:31  Extractor x2, Spore Crawler, Queen  
  67  5:33  Drone  
  67  5:44  Extractor  
  67  5:47  Extractor  
  67  5:49  Drone x5  
  70  5:50  Zerg Missile Weapons Level 1  
  70  5:52  Drone  
  70  5:54  Overlord  
  70  6:07  Zergling x14  
  70  6:11  Drone x2  
  78  6:21  Roach x3  
  84  6:26  Glial Reconstitution  
  84  6:31  Roach x5  
  94  6:35  Overlord  
  94  6:39  Drone  
  95  6:41  Hatchery  
  95  6:42  Drone  
  95  6:46  Drone x3  
  98  6:49  Overseer  
  98  6:53  Overlord x2  
  98  7:03  Roach x5  
  108  7:08  Overlord x3  
  108  7:11  Overlord x3  
  110  7:15  Roach  
  110  7:16  Roach x2  
  110  7:20  Roach x4  
  110  7:22  Ravager x2  
  124  7:29  Ravager x3  
  127  7:30  Ravager x3  
  127  7:31  Overlord x3  
  127  7:34  Overlord x2  
  130  7:50  Ravager x3  
  130  7:51  Ravager  
  134  7:52  Roach x2  
  134  7:53  Roach  
  134  7:54  Zergling x16  
  134  7:57  Overlord  
  148  8:02  Zerg Missile Weapons Level 2  
  148  8:06  Roach x2  
  148  8:08  Roach, Zergling x2  
  141  8:34  Roach x14  
  141  8:35  Roach  
  166  8:42  Roach x6  
  166  8:43  Roach, Zergling x2  
  166  8:44  Zergling x2  
  182  8:54  Roach x6  
  184  9:06  Roach x4  
  180  9:15  Roach x9  
  167  9:24  Roach x4  
  136  9:46  Roach  
  136  9:47  Roach x11  
  142  10:02  Roach x5  
  138  10:17  Roach  
  138  10:18  Roach x7  
  148  10:22  Roach x2  
  148  10:24  Roach  
  142  10:38  Roach x8  
  144  10:51  Roach x4  
  144  10:52  Roach  
  152  11:02  Spire  
  143  11:14  Roach x11  
  161  11:40  Drone x13  
  161  11:44  Drone x3, Extractor x2  
  175  12:05  Drone x9  
  175  12:06  Roach x8  
  175  12:07  Hatchery  
  199  12:10  Drone  
Tags
 
Add a new tag
Caveats
  • Supply blocks, unpowered buildings, or Contaminate may cause inaccurate times.
  • Supply counts are checked every 10 seconds.